 Dungeon Crawl Stone Soup version 0.31-a0-142-g31f6795574 (webtiles) character file.

Game seed: 10049467573309695883

415 NoAnimeNoLife the Sneak (level 6, -5/30 HPs)
             Began as a Spriggan Hunter on June 3, 2023.
             Was an Initiate of Gozag.
             Killed from afar by Ijyb (18 damage)
             ... with a bolt of acid
             ... on level 5 of the Dungeon.
             The game lasted 00:02:22 (3110 turns).

NoAnimeNoLife the Sneak (Spriggan Hunter)           Turns: 3110, Time: 00:02:23

Health: -5/30      AC: -5    Str:  7    XL:     6   Next: 60%
Magic:  7/7        EV: 23    Int: 10    God:    Gozag
Gold:   178        SH:  0    Dex: 27    Spells: 5/5 levels left

rFire   + . .        a - +0 shortbow
rCold   . . .        (shield currently unavailable)
rNeg    . . .        c - +0 robe
rPois   .            (helmet restricted)
rElec   .            q - +0 cloak
rCorr   .            (gloves unavailable)
SInv    +            (boots unavailable)
Will    +....        (no amulet)
Stlth   ++++         h - ring of protection from fire
HPRegen 0.25/turn    p - +6 ring of dexterity
MPRegen 0.10/turn

%: no passive effects
@: corroded, gold aura, very quick
A: very small, no large weapons, unfitting armour, see invisible, speed 3
a: Renounce Religion, Potion Petition, Call Merchant, Bribe Branch


You were on level 5 of the Dungeon.
You worshipped Gozag.
Gozag was aware of your devotion.
You visited 2 branches of the dungeon, and saw 6 of its levels.

You collected 329 gold pieces.
You spent 90 gold pieces at shops.
You paid 61 gold pieces to Gozag.

Inventory:

Hand Weapons
 a - a +0 shortbow (weapon)
Armour
 c - a +0 robe (worn)
 q - a +0 cloak (worn)
Jewellery
 h - a ring of protection from fire (left hand)
 p - a +6 ring of dexterity (right hand)
Scrolls
 b - a scroll of butterflies
 e - a scroll of poison
 g - 5 scrolls of teleportation
 i - a scroll of magic mapping
 j - a scroll of immolation
 l - a scroll of noise
 m - 3 scrolls of amnesia
 o - 4 scrolls of fog
 r - a scroll of fear {unknown}
Potions
 d - a potion of degeneration
 f - a potion of cancellation {unknown}
 k - a potion of curing
 n - 2 potions of attraction


   Skills:
 - Level 1.5 Fighting
 + Level 5.6 Ranged Weapons
 + Level 5.8 Dodging
 + Level 6.2 Stealth


You had 5 spell levels left.
You didn't know any spells.
Your spell library contained the following spells:

 Spells                   Type           Power      Damage    Failure   Level
 Scorch                   Fire           0%         2d5       50%         2
 Flame Wave               Conj/Fire      0%         2d4       98%         4
 Summon Cactus Giant      Summ           0%         N/A       100%        6


Dungeon Overview and Level Annotations

Branches:
Dungeon (5/15)             Temple (1/1) D:4

Altars:
Ashenzari
Cheibriados
Dithmenos
Elyvilon
Fedhas
Gozag
Hepliaklqana
Makhleb
Nemelex Xobeh
Qazlal
Sif Muna
Vehumet
Wu Jian
Xom
Zin
The Shining One

Shops:
D:1 =   D:2 ?

Annotations:
D:5 Ijyb


Innate Abilities, Weirdness & Mutations

You are very small and have problems with some larger weapons.
You are too small for most types of armour.
You have supernaturally acute eyesight. (SInv)
You cover ground extremely quickly. (Speed+++)


Message History

Ijyb is lightly wounded.
There are monsters nearby!
You shoot an arrow. The arrow barely misses Ijyb.
The arrow hits the orc.
The orc is moderately wounded.
Ijyb zaps a wand.
The bolt of acid hits you! The acid corrodes you!
You shoot an arrow. The arrow hits Ijyb but does no damage.
Ijyb is lightly wounded.
You shoot an arrow. The arrow closely misses Ijyb.
The arrow barely misses the orc.
Ijyb closely misses you.
You shoot an arrow. The arrow hits Ijyb.
Ijyb is moderately wounded.
Ijyb completely misses you.
You shoot an arrow. The arrow hits Ijyb.
Ijyb is moderately wounded.
Ijyb misses you. x2; The orc misses you.
You shoot an arrow. The arrow hits Ijyb.
Ijyb is heavily wounded.
The orc misses you.
Ijyb screams, "Die!"
Ijyb zaps a wand.
The bolt of acid hits you. The acid corrodes you!
You shoot an arrow. The arrow hits Ijyb but does no damage.
Ijyb is heavily wounded.
The orc hits you with a +0 club.
Ijyb zaps a wand.
The bolt of acid misses you.
You shoot an arrow. The arrow closely misses Ijyb.
The orc barely misses you.
Ijyb zaps a wand.
The bolt of acid misses you.
You shoot an arrow. The arrow hits Ijyb.
Ijyb is heavily wounded.
The orc misses you. Ijyb misses you.
You shoot an arrow. The arrow barely misses Ijyb.
The orc hits you with a +0 club. Ijyb barely misses you.
You are too injured to fight recklessly!
You are too injured to fight recklessly!
You are too injured to fight recklessly!
You are too injured to fight recklessly!
Ijyb zaps a wand.
The bolt of acid hits the orc!
The orc dies!
The bolt of acid hits you!!
Ouch! That really hurt!
You die...
Your body crumbles into a pile of gold.

#.... #(... $ ....# .
....# .. ....# ...
....### .... ......##
.....
....#..###########.<.###
....##..........@.......
....###########.#######.
......## ##.$#
....#..######..##
#####.........##
#####.#####..g..$..#
............#..>..#..
.#.##############....
.#...# ...


You could see Ijyb.

Vanquished Creatures
  An ice beast (D:4)
  A scorpion (D:4)
  A hound (D:4)
  A jelly (D:4)
  An orc priest (D:4)
  2 iguanas
  2 orc wizards (D:4)
  3 adders
  A worm (D:3)
  2 orcs (D:4)
  5 bats
  An endoplasm (D:4)
  8 giant cockroaches
  4 hobgoblins
  3 kobolds
  2 quokkas
  4 ball pythons
  3 frilled lizards
  7 goblins
  7 rats
59 creatures vanquished.

Vanquished Creatures (others)
  An orc (D:5)
1 creature vanquished.

Grand Total: 60 creatures vanquished

Notes
Turn   | Place    | Note
-------+----------+-------------------------------------------
     0 | D:1      | NoAnimeNoLife the Spriggan Hunter began the quest for the
                  | Orb.
     0 | D:1      | Reached XP level 1. HP: 10/10 MP: 2/2
    49 | D:1      | Reached skill level 2 in Stealth
   144 | D:1      | Reached XP level 2. HP: 14/14 MP: 3/3
   197 | D:1      | Found a faded altar of an unknown god.
   240 | D:1      | Found Duoroika's Jewellery Shoppe.
   506 | D:2      | Reached XP level 3. HP: 18/18 MP: 4/4
   553 | D:2      | Reached skill level 3 in Stealth
   864 | D:2      | Found Tuibint's Magic Scroll Shop.
   878 | D:2      | Bought a scroll of teleportation for 30 gold pieces
   878 | D:2      | Bought a scroll of fog for 40 gold pieces
   878 | D:2      | Bought a scroll of identify for 20 gold pieces
  2070 | D:4      | Reached skill level 4 in Stealth
  2070 | D:4      | Reached XP level 4. HP: 16/22 MP: 5/5
  2123 | D:4      | Found a staircase to the Ecumenical Temple.
  2134 | Temple   | Entered the Ecumenical Temple
  2159 | Temple   | Became a worshipper of Gozag Ym Sagoz the Greedy
  2325 | D:4      | Noticed an ice beast
  2331 | D:4      | Killed an ice beast
  2332 | D:4      | Reached skill level 5 in Ranged Weapons
  2332 | D:4      | Reached XP level 5. HP: 15/25 MP: 6/6
  2395 | D:4      | Identified the +0 ring mail of the Zebra {+Blink MP+9 Str-2
                  | Int+6}
  2568 | D:4      | Reached skill level 5 in Stealth
  2646 | D:4      | Reached skill level 5 in Dodging
  2723 | D:4      | Reached XP level 6. HP: 30/30 MP: 7/7
  2789 | D:4      | Reached skill level 6 in Stealth
  3013 | D:5      | Entered Level 5 of the Dungeon
  3093 | D:5      | Noticed Ijyb
  3110 | D:5      | Killed from afar by Ijyb

Illustrated notes

Levels and vault maps discovered:
D:1:      giann_bridges, layout_basic, shapermc_ecumenical_altar_notcrosses,
          serial_shops, shop
D:2:      layout_basic, serial_shops, shop, minmay_misc_feat_encased
D:3:      layout_basic, serial_forest, infiniplex_forest_end_double,
          infiniplex_forest_clump_C, infiniplex_forest_clump_medium,
          infiniplex_forest_lined_3_way, infiniplex_forest_lined_2,
          infiniplex_forest_lined_2, serial_bayou_ford_a,
          grunt_decor_one_mirror, chequers_avenue, kennysheep_another_room,
          minmay_distorted
D:4:      layout_gridville, minmay_temple_entry_glassed_door
D:5:      layout_rooms, uniq_sigmund, uniq_ijyb
Temple:   nicolae_temple_bog_church

Skill      XL: |  1  2  3  4  5  6 |
---------------+-------------------+-----
Stealth        | 2 4 5 6 |  6.2
Dodging        | 3 4 5 |  5.8
Ranged Weapons | 5 |  5.6
Fighting       | |  1.5

Action                     |  1- 3 |  4- 6 || total
---------------------------+-------+-------++-------
  Melee: Shortbow          |       |     1 ||     1
   Fire: Shortbow          |   115 |    83 ||   198
    Use: Scroll            |     7 |       ||     7
         Potion            |       |     1 ||     1
 Armour: Robe              |     2 |       ||     2
  Dodge: Dodged            |    47 |    32 ||    79

Table legend: (Time is in decaauts)
 A = Elapsed time spent in this place.
 B = Non-inter-level travel time spent in this place.
 C = Inter-level travel time spent in this place.
 D = Time resting spent in this place.
 E = Time spent auto-exploring this place.
 F = Levels seen in this place.
 G = Mean time per level.
                   A        B        C        D        E       F      G
               +--------+--------+--------+--------+--------+-----+--------+
         Total |   2097 |   2019 |     78 |      2 |   1652 |   6 |  349.5 |
       Dungeon |   1992 |   1922 |     70 |      2 |   1562 |   5 |  398.4 |
        Temple |    105 |     98 |      7 |      0 |     90 |   1 |  105.0 |
               +--------+--------+--------+--------+--------+-----+--------+

Top non-repeatable levels by time:
     D:4: 603 daAuts
     D:2: 541 daAuts
     D:3: 497 daAuts
     D:1: 272 daAuts
  Temple: 105 daAuts
     D:5: 77 daAuts
